 Dungeon Crawl Stone Soup version 0.17.1-3-g152610e (webtiles) character file.

1190 moxian the Ducker (level 8, -5/66 HPs)
             Began as a Minotaur Gladiator on Apr 22, 2016.
             Was a Follower of Elyvilon.
             Slain by an orc warrior
             ... wielding a +0 flail
              (13 damage)
             ... on level 6 of the Dungeon.
             The game lasted 00:22:39 (6049 turns).

moxian the Ducker (Minotaur Gladiator)              Turns: 6049, Time: 00:22:39

Health: -5/66      AC:  4    Str: 20      XL:     8   Next: 19%
Magic:  2/7        EV: 15    Int:  5      God:    Elyvilon [*.....]
Gold:   297        SH:  0    Dex: 12 (13) Spells: 0 memorised, 7 levels left

rFire  . . .     SeeInvis .     a - +0 long sword
rCold  . . .     Clarity  .     x - +0 leather armour
rNeg   + . .     SustAt   .     (no shield)
rPois  +         Gourm    .     e - +1 hat
rElec  .         Spirit   .     (no cloak)
rCorr  .         Warding  +     (no gloves)
rMut   .         Stasis   .     (no boots)
MR     +....                    p - amulet of warding
Stlth  +.........               M - ring of protection from magic
                                w - ring of poison resistance

@: somewhat resistant to hostile enchantments, very unstealthy
A: retaliatory headbutt, horns 2
a: Lesser Healing, Divine Protection, Renounce Religion


You were on level 6 of the Dungeon.
You worshipped Elyvilon.
Elyvilon was aware of your devotion.
You were near starving.

You visited 2 branches of the dungeon, and saw 8 of its levels.

You collected 297 gold pieces.

Inventory:

Hand Weapons
 a - a +0 long sword (weapon)
 b - a +0 hunting sling
 k - a +2 dagger of venom
 I - a +2 antimagic hand axe
Missiles
 i - 37 stones (quivered)
 o - 15 sling bullets
 A - 16 arrows
 C - 19 silver bolts
 D - 26 bolts
 G - 13 poisoned needles
 K - 7 curare-tipped needles
Armour
 e - a +1 hat (worn)
 x - a +0 leather armour (worn)
Jewellery
 p - an amulet of warding (around neck)
 w - a ring of poison resistance (left hand)
 B - an uncursed ring of protection from cold
 M - a ring of protection from magic (right hand)
Wands
 E - a wand of disintegration (10)
Scrolls
 c - 2 scrolls of enchant armour
 f - a scroll of fog
 h - 2 scrolls of remove curse
 m - 4 scrolls of identify
 r - a scroll of recharging {unknown}
 s - 2 scrolls of random uselessness {unknown}
 t - 2 scrolls of enchant weapon {unknown}
 u - 2 scrolls of amnesia {unknown}
 y - a scroll of fear {unknown}
 H - a scroll of noise {unknown}
 J - a scroll of magic mapping {unknown}
 L - a scroll of blinking {unknown}
Potions
 d - a potion of cure mutation
 j - 3 potions of curing
 l - a potion of heal wounds
 F - a potion of cancellation
Comestibles
 g - 3 meat rations
 q - 2 royal jellies
 v - 5 fruits
 z - 4 bread rations


   Skills:
 + Level 4.2 Fighting
 * Level 6.6 Long Blades
 * Level 1.5(2.4) Slings
 + Level 2.6(2.8) Throwing
 + Level 4.2 Armour
 * Level 7.6 Dodging
 + Level 1.5 Stealth


You had 7 spell levels left.
You didn't know any spells.

Dungeon Overview and Level Annotations

Branches:
Dungeon (7/15)             Temple (1/1) D:4

Altars:
Ashenzari
Cheibriados
Dithmenos
Elyvilon
Fedhas
Kikubaaqudgha
Nemelex Xobeh
Okawaru
Qazlal
Ru
Trog
Vehumet
Xom
Yredelemnul
Zin
The Shining One

Annotations:
D:5 Grinder


Innate Abilities, Weirdness & Mutations

You reflexively headbutt those who attack you in melee.
You have a pair of horns on your head.


Message History

You are healed.
You feel somewhat more hungry. The orc warrior closely misses you.
You furiously retaliate!
You headbutt the orc warrior.
You are healed.
You feel somewhat more hungry.
You barely miss the orc warrior.
The orc warrior is almost dead.
The orc warrior misses you. You furiously retaliate!
You headbutt the orc warrior, but do no damage.
You barely miss the orc warrior.
The orc warrior is almost dead.
The orc warrior hits you with a flail.
* * * LOW HITPOINT WARNING * * *
You hit the orc warrior but do no damage.
The orc warrior is almost dead.
The orc warrior hits you with a flail!
* * * LOW HITPOINT WARNING * * *
You are healed.
You are near starving!
The orc warrior hits you with a flail!
You die...

#....# #.....%.....#############
#....####....####................
#.###.#.####.# #...#############
#.# ##.#.# #.# #........######
#.# #.#.## #.# #...####......###
..####.#.###.# #...# ######....
.....####....####...# #####
.....# #......##...##### #
..=..####....#..@.......#
.............#...o......# #
.###.##...#.##..........## ####
.....##.....###..........#####...
####.......####................#.
##...................####.....
##.....###..........# ##...##
##...## ##.........###......
#...# ######..####.....##


You could see an orc warrior.

Vanquished Creatures
  An orc warrior (D:6)
  Purgy (D:4)
  A black bear (D:6)
  An ogre (D:4)
  3 giant frogs (D:6)
  2 scorpions
  A water moccasin skeleton (D:4)
  A centaur zombie (D:6)
  2 hounds
  A quasit (D:6)
  An orc wizard (D:3)
  A jelly (D:6)
  A giant frog skeleton (D:4)
  2 iguanas (D:6)
  2 worker ants (D:6)
  6 adders
  An ooze (D:3)
  An adder skeleton (D:4)
  7 worms
  8 giant geckos
  6 orcs
  2 ball pythons
  3 giant cockroaches
  9 hobgoblins
  15 jackals
  11 kobolds
  4 quokkas
  A ball python skeleton (D:3)
  9 bats
  5 giant newts
  6 goblins
  9 rats
124 creatures vanquished.

Notes
Turn   | Place    | Note
--------------------------------------------------------------
     0 | D:1      | moxian the Minotaur Gladiator began the quest for the Orb.
     0 | D:1      | Reached XP level 1. HP: 18/18 MP: 0/0
   153 | D:1      | Reached XP level 2. HP: 20/25 MP: 1/1
   579 | D:1      | Reached skill level 4 in Long Blades
   896 | D:1      | Reached XP level 3. HP: 14/30 MP: 2/2
  1471 | D:2      | Reached XP level 4. HP: 33/37 MP: 3/3
  1765 | D:2      | Noticed a moth of wrath
  1768 | D:2      | Found a bloodstained altar of Trog.
  2068 | D:2      | Found a shattered altar of Ashenzari.
  2821 | D:3      | Found a sacrificial altar of Ru.
  2829 | D:3      | Reached skill level 5 in Dodging
  2829 | D:3      | Reached XP level 5. HP: 44/44 MP: 4/4
  2958 | D:3      | Reached skill level 5 in Long Blades
  3226 | D:4      | Reached skill level 1 in Armour
  3227 | D:4      | Found a staircase to the Ecumenical Temple.
  3237 | Temple   | Entered the Ecumenical Temple
  3655 | D:4      | Noticed Purgy
  3761 | D:4      | Found a white marble altar of Elyvilon.
  3767 | D:4      | Became a worshipper of Elyvilon the Healer
  3824 | D:4      | Reached XP level 6. HP: 35/51 MP: 5/5
  3921 | D:4      | Noticed an ogre
  3930 | D:4      | Killed an ogre
  3968 | D:4      | Reached skill level 6 in Dodging
  4017 | D:4      | Killed Purgy
  4177 | D:4      | Reached XP level 7. HP: 41/57 MP: 6/6
  4257 | D:5      | Entered Level 5 of the Dungeon
  4272 | D:5      | Noticed Grinder
  4300 | D:5      | Paralysed by Grinder for 6 turns
  4302 | D:5      | HP: 2/57 [Grinder/nerve-wracking pain (12)]
  4707 | D:6      | Reached skill level 1 in Stealth
  5202 | D:6      | Reached skill level 1 in Slings
  5202 | D:6      | Reached skill level 7 in Dodging
  5322 | D:6      | Found a basalt altar of Yredelemnul.
  5345 | D:6      | Reached * piety under Elyvilon
  5510 | D:6      | Reached XP level 8. HP: 35/66 MP: 7/7
  5838 | D:6      | Found a radiant altar of Vehumet.
  6049 | D:6      | Slain by an orc warrior

Action                   |  1- 3 |  4- 6 |  7- 9 || total
-------------------------+-------+-------+-------++-------
Melee: Long sword        |    85 |   157 |   130 ||   372
 Fire: Hunting sling     |       |     6 |     6 ||    12
Throw: Stone             |    11 |    18 |    26 ||    55
       Throwing net      |       |     3 |     1 ||     4
Invok: Lesser Healing    |       |       |     8 ||     8
  Use: Scroll            |       |       |    10 ||    10
       Potion            |       |       |     3 ||     3
 Stab: Held in net/web   |       |     2 |       ||     2
  Eat: Chunk             |     2 |     4 |     4 ||    10
       Bread ration      |       |     1 |       ||     1
       Beef jerky        |       |       |     1 ||     1
